 Dungeon Crawl Stone Soup version 0.31-a0-532-g28f74ba3e5 (webtiles) character file.

Game seed: 9239389088579057423

2708623 Twinkles the Slayer (level 26, 237/237 HPs)
             Began as a Demonspawn Gladiator on Aug 4, 2023.
             Was the Champion of Makhleb.
             Escaped with the Orb
             ... and 5 runes on Aug 12, 2023!
             The game lasted 06:35:42 (87371 turns).

Twinkles the Slayer (Demonspawn Gladiator)         Turns: 87371, Time: 06:35:42

Health: 237/237    AC: 38    Str: 18    XL:     26   Next: 90%
Magic:  28/28      EV: 22    Int: 11    God:    Makhleb [******]
Gold:   2760       SH: 36    Dex: 20    Spells: 25/25 levels left

rFire   + + +        a - +7 double sword (freeze)
rCold   + + +        h - +10 tower shield of Ignorance {rN+ Int-4}
rNeg    + + +        j - +8 fire dragon scales {Xtahua}
rPois   +            x - -2 hat of the Alchemist {rElec rPois rF+ rC+ rN+ Will+ rMut rCorr}
rElec   +            r - +2 cloak "Pinitij" {rN+ Will++ rCorr Str-2}
rCorr   +            (gloves unavailable)
SInv    +            l - +2 pair of boots {rampage}
Will    +++++        o - amulet of Light {Faith +Inv Str+3 Dex-5 SInv}
Stlth   +            g - ring of Mogosainn {EV+5 Str+2}
HPRegen 0.59/turn    e - ring "Lack" {Fly rC++ Int+2 Dex+2 Slay+3}
MPRegen 0.21/turn

%: resist mutation, rampage, faith
@: flying, studying 5 skills
A: icy blue scales 3, icemail 2, spiny 3, condensation shield, corrupting
presence 2, demonic touch 3, deterioration 1, low MP 2, strong-willed 1, wild
magic 1, devolution 1
0: Orb of Zot
}: 5/15 runes: decaying, serpentine, slimy, silver, abyssal
a: Renounce Religion, Evoke Invisibility, Minor Destruction, Lesser Servant of
Makhleb, Major Destruction, Greater Servant of Makhleb


You escaped.
You worshipped Makhleb.
Makhleb was exalted by your worship.
You visited 13 branches of the dungeon, and saw 57 of its levels.
You visited the Abyss 2 times.
You visited 1 bazaar.
You also visited: Trove, Bailey, Gauntlet and Ice Cave.

You collected 8141 gold pieces.
You spent 5381 gold pieces at shops.

Inventory:

Hand Weapons
 a - a +7 double sword of freezing (weapon)
 W - the +8 scimitar of Destiny {flame, rElec rC+}
   (You bought it in a shop on level 1 of the Snake Pit)

   rC+:       It protects you from cold.
   rElec:     It insulates you from electricity.
Missiles
 b - 8 silver javelins
 n - 39 javelins (quivered)
 Q - 11 throwing nets
 X - 14 curare-tipped darts
Armour
 h - the +10 tower shield of Ignorance (worn) {rN+ Int-4}
   (You found it on level 3 of the Crypt)

   Int-4:     It affects your intelligence (-4).
   rN+:       It protects you from negative energy.
 j - +8 fire dragon scales (worn) {Xtahua}
 l - a +2 pair of boots of rampaging (worn)
 r - the +2 cloak "Pinitij" (worn) {rN+ Will++ rCorr Str-2}
   (You found it on level 3 of the Dungeon)

   Str-2:     It affects your strength (-2).
   rN+:       It protects you from negative energy.
   Will++:    It greatly increases your willpower.
   rCorr:     It protects you from acid and corrosion.
 x - the -2 hat of the Alchemist (worn) {rElec rPois rF+ rC+ rN+ Will+ rMut rCorr}
   (You found it on level 2 of the Swamp)

   rF+:       It protects you from fire.
   rC+:       It protects you from cold.
   rElec:     It insulates you from electricity.
   rPois:     It protects you from poison rN+: It protects you from negative
   energy.
   Will+:     It increases your willpower.
   rCorr:     It protects you from acid and corrosion.
   rMut:      It protects you from mutation.
Jewellery
 e - the ring "Lack" (right hand) {Fly rC++ Int+2 Dex+2 Slay+3}
   (You found it on level 14 of the Dungeon)

   [ring of flight]

   Int+2:     It affects your intelligence (+2).
   Dex+2:     It affects your dexterity (+2).
   Slay+3:    It affects your accuracy & damage with ranged weapons and melee
   (+3).
   rC++:      It greatly protects you from cold.
   Fly:       It grants you flight.
 f - the ring of Atilolam {+Blink rPois rN+}
   (You found it in a treasure trove)

   [ring of poison resistance]

   rPois:     It protects you from poison rN+: It protects you from negative
   energy.
   +Blink:    It lets you blink.
 g - the ring of Mogosainn (left hand) {EV+5 Str+2}
   (You found it in a treasure trove)

   [ring of evasion]

   EV+5:      It affects your evasion (+5).
   Str+2:     It affects your strength (+2).
 o - the amulet of Light (around neck) {Faith +Inv Str+3 Dex-5 SInv}
   (You found it in a treasure trove)

   [amulet of faith]

   Faith:     It allows you to gain divine favour quickly.
   Str+3:     It affects your strength (+3).
   Dex-5:     It affects your dexterity (-5).
   SInv:      It lets you see invisible.
   +Inv:      It lets you turn invisible.
 t - the ring "Xothoeg" {Will+ Str-5 Int+5 Dex+6 Stlth+}
   (You found it in a treasure trove)

   [ring of dexterity]

   Str-5:     It affects your strength (-5).
   Int+5:     It affects your intelligence (+5).
   Dex+6:     It affects your dexterity (+6).
   Will+:     It increases your willpower.
   Stlth+:    It makes you more stealthy.
 u - the ring of Absolutism {rC+ Str+2 Dex+3}
   (You found it in an ice cave)

   [ring of protection from cold]

   Str+2:     It affects your strength (+2).
   Dex+3:     It affects your dexterity (+3).
   rC+:       It protects you from cold.
 B - a +4 ring of protection
Wands
 d - a wand of digging (27)
 i - a wand of iceblast (65)
 p - a wand of paralysis (82)
 q - a wand of quicksilver (22)
 y - a wand of mindburst (71)
Scrolls
 c - 2 scrolls of amnesia
 k - 7 scrolls of revelation
 D - 8 scrolls of blinking
 E - 6 scrolls of fear
 F - 15 scrolls of fog
 K - 13 scrolls of immolation
 O - 3 scrolls of silence
 S - 5 scrolls of summoning
 V - 11 scrolls of vulnerability
 Y - 16 scrolls of teleportation
 Z - 8 scrolls of poison
Potions
 z - 5 potions of enlightenment
 A - 13 potions of attraction
 C - 6 potions of cancellation
 G - 7 potions of ambrosia
 H - 4 potions of haste
 I - 6 potions of invisibility
 J - 19 potions of curing
 M - 8 potions of might
 N - 6 potions of heal wounds
 P - 7 potions of lignification
 R - 4 potions of resistance
 T - a potion of berserk rage
 U - 2 potions of mutation
Miscellaneous
 m - a phantom mirror
 s - a tin of tremorstones (1/2)
 v - a lightning rod (4/4)
 w - a phial of floods


   Skills:
 - Level 25.9 Fighting
 - Level 6.7(10.9) Short Blades
 - Level 13.3(14.0) Long Blades
 - Level 18.1 Throwing
 + Level 14.9 Armour
 + Level 14.1 Dodging
 - Level 10.4 Stealth
 - Level 19.0 Shields
 - Level 17.0 Invocations
 - Level 15.0 Evocations


You had 25 spell levels left.
You didn't know any spells.
Your spell library contained the following spells:

 Spells                   Type           Power      Damage    Failure   Level
 Apportation              Tloc           0%         N/A       94%         1
 Foxfire                  Conj/Fire      0%         2x1d4     94%         1
 Kiss of Death            Conj/Necr      0%         2d5       94%         1
 Magic Dart               Conj           0%         1d3       94%         1
 Necrotise                Necr           0%         1d4       94%         1
 Shock                    Conj/Air       0%         1d3       94%         1
 Slow                     Hex            0%         N/A       94%         1
 Blink                    Tloc           0%         N/A       98%         2
 Call Imp                 Summ           0%         N/A       98%         2
 Cigotuvi's Dreadful Rot  Necr/Pois/Air  0%         N/A       98%         2
 Ensorcelled Hibernation  Hex/Ice        0%         N/A       98%         2
 Lesser Beckoning         Tloc           0%         N/A       98%         2
 Momentum Strike          Conj/Tloc      0%         3d8       98%         2
 Poisonous Vapours        Pois/Air       0%         N/A       98%         2
 Searing Ray              Conj           0%         2d4       98%         2
 Sublimation of Blood     Necr           0%         N/A       98%         2
 Wereblood                Tmut           0%         N/A       98%         2
 Call Canine Familiar     Summ           0%         N/A       100%        3
 Confusing Touch          Hex            0%         N/A       100%        3
 Frozen Ramparts          Ice            0%         1d1       100%        3
 Gell's Gravitas          Tloc           0%         N/A       100%        3
 Ignite Poison            Fire/Tmut/Pois 0%         N/A       100%        3
 Inner Flame              Hex/Fire       0%         N/A       100%        3
 Mephitic Cloud           Conj/Pois/Air  0%         N/A       100%        3
 Ozocubu's Armour         Ice            0%         N/A       100%        3
 Portal Projectile        Hex/Tloc       0%         N/A       100%        3
 Stone Arrow              Conj/Erth      0%         3d7       100%        3
 Summon Guardian Golem    Hex/Summ       0%         N/A       100%        3
 Swiftness                Air            0%         N/A       100%        3
 Teleport Other           Tloc           0%         N/A       100%        3
 Vampiric Draining        Necr           0%         2d6       100%        3
 Vhi's Electric Charge    Tloc/Air       0%         N/A       100%        3
 Volatile Blastmotes      Fire/Tloc      0%         2d10      100%        3
 Airstrike                Air            0%         2d(0-16)  100%        4
 Anguish                  Hex/Necr       0%         N/A       100%        4
 Animate Armour           Summ/Erth      0%         N/A       100%        4
 Animate Dead             Necr           0%         N/A       100%        4
 Cause Fear               Hex            0%         N/A       100%        4
 Dispel Undead            Necr           0%         3d6       100%        4
 Flame Wave               Conj/Fire      0%         2d4       100%        4
 Fulminant Prism          Conj/Hex       0%         3d5       100%        4
 Iskenderun's Mystic Bla  Conj/Tloc      0%         2d3       100%        4
 Leda's Liquefaction      Hex/Erth       0%         N/A       100%        4
 Manifold Assault         Tloc           0%         N/A       100%        4
 Olgreb's Toxic Radiance  Pois           0%         N/A       100%        4
 Passage of Golubria      Tloc           0%         N/A       100%        4
 Sticky Flame             Conj/Fire      0%         2d3       100%        4
 Summon Ice Beast         Ice/Summ       0%         N/A       100%        4
 Summon Lightning Spire   Summ/Air       0%         N/A       100%        4
 Agony                    Necr           0%         N/A       100%        5
 Alistair's Intoxication  Tmut/Pois      0%         N/A       100%        5
 Arcjolt                  Conj/Air       0%         1d10      100%        5
 Borgnjor's Vile Clutch   Necr/Erth      0%         N/A       100%        5
 Fireball                 Conj/Fire      0%         3d3       100%        5
 Freezing Cloud           Conj/Ice/Air   0%         6-21      100%        5
 Lee's Rapid Deconstruct  Erth           0%         3d4*      100%        5
 Metabolic Englaciation   Hex/Ice        0%         N/A       100%        5
 Silence                  Hex/Air        0%         N/A       100%        5
 Summon Forest            Summ/Tloc      0%         N/A       100%        5
 Summon Mana Viper        Hex/Summ       0%         N/A       100%        5
 Death Channel            Necr           0%         N/A       100%        6
 Dispersal                Tloc           0%         N/A       100%        6
 Eringya's Noxious Bog    Tmut/Pois      0%         4d6       100%        6
 Simulacrum               Ice/Necr       0%         N/A       100%        6
 Summon Cactus Giant      Summ           0%         N/A       100%        6
 Enfeeble                 Hex            0%         N/A       100%        7
 Malign Gateway           Summ/Tloc      0%         N/A       100%        7
 Orb of Destruction       Conj           0%         9d5       100%        7
 Ozocubu's Refrigeration  Ice            0%         4d7       100%        7
 Spellforged Servitor     Conj/Summ      0%         N/A       100%        7
 Summon Hydra             Summ           0%         N/A       100%        7
 Borgnjor's Revivificati  Necr           0%         N/A       100%        8
 Disjunction              Tloc           0%         N/A       100%        8
 Lehudib's Crystal Spear  Conj/Erth      0%         10d2      100%        8
 Maxwell's Capacitive Co  Air            0%         ∞         100%        8
 Summon Horrible Things   Summ           0%         N/A       100%        8
 Chain Lightning          Conj/Air       0%         N/A       100%        9
 Dragon's Call            Summ           0%         N/A       100%        9
 Fire Storm               Conj/Fire      0%         5d1       100%        9
 Shatter                  Erth           0%         3d5*      100%        9


Dungeon Overview and Level Annotations

Branches:
Dungeon (15/15)            Temple (1/1) D:4            Lair (5/5) D:9
  Swamp (4/4) Lair:2        Snake (4/4) Lair:2        Slime (5/5) Lair:5
    Orc (2/2) D:10            Elf (3/3) Orc:2        Vaults (5/5) D:14
  Crypt (3/3) Vaults:3       Tomb (0/3) Crypt:3      Depths (4/4) D:15
   Hell (visited)             Dis (0/7) Hell            Geh (0/7) Hell
    Coc (0/7) Hell            Tar (0/7) Hell            Zot (5/5) Depths:4
 Bailey (visited)           IceCv (visited)         Gauntlet (visited)

Altars:
Ashenzari
Cheibriados
Dithmenos
Fedhas
Gozag
Hepliaklqana
Kikubaaqudgha
Makhleb
Nemelex Xobeh
Okawaru
Qazlal
Ru
Sif Muna
Trog
Uskayaw
Vehumet
Wu Jian
Xom
Yredelemnul

Shops:
D:9 :   D:15 =   Orc:2 [*[(   Elf:3 (   Snake:1 **((?[!   Snake:2 :*
Snake:3 =(((   Snake:4 *   Vaults:1 *   Vaults:2 ?   Vaults:3 [   Vaults:5 !

Portals:
Hell: Depths:1 Depths:2 Depths:3 Depths:4
Abyss: Depths:3 Depths:4
Pandemonium: Depths:1 Depths:2 Depths:4
Ziggurat: Depths:4

Annotations:
Swamp:4 Roxanne
Elf:2 3 runed translucent doors
Depths:3 1 exclusion
Depths:4 Notoschet's ghost, adept DsFi


Innate Abilities, Weirdness & Mutations

You are completely covered in icy blue scales. (AC +4, rC+)
A meltable icy envelope protects you from harm. (AC +8)
You are completely covered in sharp spines.
A meltable shield of frost defends you. (SH +4)
Your presence sometimes corrodes or deforms those you injure.
Your touch may irresistibly damage your foes and sap their willpower.
Your body sometimes deteriorates upon taking damage.
Your magical capacity is very low. (-20% MP)
You are strong-willed. (Will+)
Your spells are a little harder to cast, but a little more powerful.
You have hidden genetic defects.


Message History

You freeze the hellephant!
The hellephant is moderately wounded.
You slash the hellephant!
Your corrupting presence corrodes the hellephant!
The hellephant twists and deforms.
You freeze the hellephant!
The hellephant is moderately wounded.
The hellephant completely misses you. You block the hellephant's attack. x2
You slash the hellephant! You freeze the hellephant.
The hellephant is heavily wounded.
You block the hellephant's attack. x3
You slice the hellephant!! You freeze the hellephant.
The hellephant is heavily wounded.
The hellephant breathes flames at you. The blast of flame hits you!
Your icy defences dissipate!
You resist.
You slice the hellephant!! You freeze the hellephant!
The hellephant is severely wounded.
You block the hellephant's attack. The hellephant misses you.
You block the hellephant's attack.
You slash the hellephant! You freeze the hellephant.
The hellephant is almost dead.
The hellephant blinks!
You rampage towards the hellephant!
You slash the hellephant! You freeze the hellephant.
The hellephant is almost dead.
The hellephant blinks!
You see here a +0 leather armour.
You slice the hellephant!! You freeze the hellephant.
You kill the hellephant!
Makhleb accepts your kill.
You feel better.
No target in view!
What level of the Dungeon? (default 1, ? - help)
There is a stone staircase leading up here.
You fly upwards.
There is a stone staircase leading down here.
Your icy envelope is restored.
There is a staircase leading out of the dungeon here.
You have escaped!

#.......#.#.#########
#####.#
#.#####.....#.......#
#...... #.#
#.#.#.#.#####.# #......
#.# #.#.#.#.# #.# #......
#.# #.#.#.#.# #.# #......
#.# #.#.#.#.#####.#
#...... #.#
#.....#.#.#.#.# #......
#.#####.....#.......#
#......
#.#.........#...@...#
#######
#.#.###.....#.......#
#.#.# #.#+#.#.#.#.#.# ##
#.#.# #.....#.#####.## #.
#.#.#####.#.8.8###8.8# #.
#.........#....##....###
#.
#.#########............###
###. #.# #.....##.......#
#... #.#
#.######....##.#####.#.


There were no monsters in sight!

Vanquished Creatures
  the Royal Jelly (Slime:5)
  3 dread liches (Zot:5)
  Mennas (Depths:4)
  4 ancient liches (Zot:5)
  Mara (Swamp:3)
  2 juggernauts (Depths:3)
  6 orbs of fire
  Boris (Vaults:4)
  Sojobo (Depths:3)
  2 shard shrikes (Zot:3)
  5 Killer Klowns
  3 curse toes (Zot:4)
  Saint Roka (Depths:4)
  Margery (Crypt:1)
  Geryon (Hell)
  6 golden dragons
  Jory (Crypt:3)
  5 doom hounds
  A Brimstone Fiend (D:6)
  A bone dragon (Abyss:1)
  3 electric golems
  2 hellephants
  15 tentacled monstrosities
  Jorgrun (D:15)
  5 liches
  28 Orb Guardians
  Asterion (Elf:1)
  Grunn (Crypt:1)
  4 titans
  16 acid blobs
  3 sphinxes
  6 tentacled starspawn
  6 death cobs
  An Executioner (Zot:2)
  3 thorn hunters
  2 ancient champions
  9 tengu reavers
  Aizul (Snake:3)
  7 shadow dragons
  8 azure jellies
  A draconian monk (Zot:5)
  Donald (Vaults:2)
  The ghost of Sopaerr the Warrior, a journeyman MiBe of Trog (Snake:2)
  16 storm dragons
  A revenant (Crypt:1)
  4 nagarajas
  2 fenstrider witches
  4 draconian knights
  4 fire giants
  A fenstrider witch (shapeshifter) (Vaults:5)
  9 rockslimes
  6 deep elf sorcerers
  2 iron dragons
  11 frost giants
  5 deep elf elementalists
  Louise (D:15)
  12 vault wardens
  9 ghouls
  2 draconian scorchers (Zot:5)
  14 ironbound preservers
  5 draconian shifters
  2 curse skulls
  A juggernaut zombie (Crypt:3)
  4 draconian stormcallers
  3 draconian annihilators
  3 spriggan defenders
  7 war gargoyles
  A cacodemon (Abyss:1)
  2 reapers
  5 ironbound thunderhulks
  6 quicksilver oozes
  16 stone giants
  A caustic shrike skeleton (Crypt:2)
  4 formless jellyfish
  14 very ugly things
  2 orc warlords
  5 green draconians
  14 vampire knights
  The ghost of HallandMoats the End of an Era, a journeyman DsFi of Qazlal (D:14)
  2 grey draconians (Depths:4)
  2 eleionomae (Swamp:1)
  6 deep elf annihilators
  6 dire elephants
  7 black draconians
  9 yellow draconians
  2 deep elf demonologists
  6 purple draconians
  4 bunyips
  9 white draconians
  The ghost of shittywizard the Thaumaturge, a journeyman GnEE of Sif Muna (Lair:4)
  11 red draconians
  A minotaur (Gauntlet)
  7 deep elf death magi
  13 ettins
  A crystal guardian (Vaults:1)
  5 spark wasps
  A green death (Depths:1)
  2 eidola (Crypt:3)
  8 jiangshi
  The ghost of Kibis the Unforgettable, a journeyman DsGl of Hepliaklqana (D:14)
  3 shambling mangroves
  4 blizzard demons
  3 entropy weavers
  A great orb of eyes (shapeshifter) (Vaults:5)
  9 fire dragons
  3 spriggan zombies
  17 yaktaur captains
  4 deep elf high priests
  Josephine (Orc:2)
  13 great orbs of eyes
  31 vault guards
  3 rakshasas
  4 salamander tyrants (Snake:4)
  3 spriggan air magi
  3 caustic shrike simulacra (IceCv)
  A juggernaut simulacrum (Crypt:2)
  A ghost crab (Swamp:3)
  25 hydras
  Erica (Lair:1)
  15 ice dragons
  An ogre mage (Vaults:5)
  The ghost of Ottew the Fighter, a journeyman DsFi of Hepliaklqana (Lair:2)
  4 peacekeepers
  A catoblepas (D:13)
  3 two-headed ogres
  6 ironbound frosthearts
  5 alligators
  10 centaur warriors
  8 death knights
  6 tengu warriors
  24 dancing weapons
  9 anacondas
  2 death yaks (Lair:5)
  6 orc high priests
  A demonic crawler (Depths:1)
  A titan zombie (Crypt:3)
  5 boulder beetles
  3 hell hogs (Hell)
  9 naga warriors
  A thrashing horror (Abyss:1)
  Urug (D:12)
  9 spriggan berserkers
  11 vampire magi
  12 shock serpents
  9 deep troll earth magi
  A spectral dire elephant (Lair:5)
  2 deep troll shamans
  9 naga sharpshooters
  7 deep elf knights
  3 soul eaters
  3 storm dragon zombies
  2 wretched stars
  6 iron trolls
  4 skysharks
  20 spriggans
  3 sun demons
  11 hell knights
  A spectral death yak (Lair:5)
  A sixfirhy (Abyss:1)
  3 shadow wraiths
  6 goliath frogs
  26 skeletal warriors
  6 spriggan druids
  9 bog bodies
  A sea snake (shapeshifter) (Abyss:3)
  A deep troll (shapeshifter) (D:13)
  56 deep trolls
  A spectral anaconda (Lair:5)
  8 large abominations
  An orb spider (Abyss:1)
  6 salamander mystics
  A bunyip zombie (Crypt:3)
  A quicksilver dragon simulacrum (Crypt:3)
  11 swamp dragons
  3 golden dragon zombies (Crypt:3)
  5 flayed ghosts
  3 anaconda zombies (Hell)
  11 deep elf archers
  2 anaconda skeletons
  10 wizards
  5 glowing orange brains
  2 orange crystal statues
  14 ironbound convokers
  A golden dragon skeleton (Crypt:1)
  5 naga ritualists
  26 deep elf zephyrmancers
  25 phantasmal warriors
  A shadow dragon zombie (Crypt:3)
  5 obsidian statues
  6 orc knights
  50 ugly things
  A bunyip skeleton (Crypt:2)
  16 deep elf pyromancers
  13 necromancers
  18 starcursed masses
  10 lindwurms
  An oklob plant (Lair:4)
  A spriggan simulacrum (Crypt:2)
  5 manticores
  A sphinx zombie (Vaults:1)
  10 mana vipers
  An eleionoma zombie (Crypt:2)
  A fire giant zombie (D:15)
  5 orc sorcerers
  4 shining eyes (Slime:5)
  8 will-o-the-wisps
  5 cyclopes
  2 stone giant zombies
  18 salamanders
  A jorogumo skeleton (Crypt:3)
  19 vault sentinels
  3 ice statues
  20 moths of wrath
  8 guardian serpents
  4 rust devils (Hell)
  A stone giant skeleton (Vaults:3)
  30 black mambas
  2 torpor snails (Lair:3)
  3 dire elephant zombies
  11 elephants
  2 eyes of devastation
  A frost giant skeleton (Crypt:1)
  4 molten gargoyles
  14 naga magi
  A guardian serpent (shapeshifter) (D:11)
  7 smoke demons
  An orange demon (Abyss:1)
  A centaur skeleton (Crypt:2)
  10 cane toads
  A dire elephant skeleton (Lair:5)
  3 komodo dragons
  2 alligator snapping turtle zombies (Crypt:3)
  A yaktaur (shapeshifter) (Vaults:5)
  2 unseen horrors
  3 elf zombies
  4 rime drakes
  2 sea snake zombies (Hell)
  15 freezing wraiths
  A hellion (Depths:1)
  An ice devil (Depths:4)
  An efreet (Abyss:1)
  41 yaktaurs
  4 tengu conjurers
  2 anaconda simulacra (IceCv)
  A spriggan skeleton (D:15)
  A sea snake skeleton (Hell)
  5 golden dragon simulacra
  2 ancient zymes (Abyss:1)
  A red devil (Depths:2)
  3 hydra zombies (Swamp:3)
  A meliai (shapeshifter) (Elf:1)
  A harpy zombie (Crypt:3)
  9 trolls
  11 blink frogs
  Prince Ribbit (Bailey)
  A tarantella (Vaults:1)
  2 raiju (Abyss:1)
  2 alligator zombies (Hell)
  19 hornets
  A spectral dream sheep (Lair:2)
  11 tyrant leeches
  2 hydra skeletons (Crypt:1)
  2 ettin zombies (Crypt:3)
  A blink frog (shapeshifter) (Vaults:5)
  A slime creature (shapeshifter) (Vaults:5)
  31 slime creatures
  A human simulacrum (Vaults:1)
  9 flying skulls (Crypt:2)
  An ettin skeleton (Crypt:3)
  A jumping spider (shapeshifter) (Vaults:5)
  3 shadows
  10 wraiths
  3 air elementals
  A culicivora (shapeshifter) (D:15)
  An alligator skeleton (Hell)
  21 vampires
  3 ynoxinuls
  8 wyverns
  A fire bat (Abyss:1)
  A dire elephant simulacrum (IceCv)
  12 golden eyes
  4 humans (Bailey)
  12 vampire mosquitoes
  3 basilisks
  48 yaks
  A minotaur simulacrum (IceCv)
  A fire elemental (Elf:2)
  A neqoxec (Depths:4)
  A spectral komodo dragon (Lair:2)
  3 water elementals
  2 redbacks
  2 steam dragons
  2 chaos spawn
  2 death yak simulacra
  30 nagas
  8 wargs
  A spectral cane toad (Lair:5)
  5 acid dragons
  A glowing shapeshifter zombie (Depths:1)
  2 human zombies
  13 swamp worms
  4 hydra simulacra
  A cane toad zombie (Crypt:2)
  8 small abominations (Abyss:1)
  19 water moccasins
  2 floating eyes (Depths:2)
  10 swamp drakes
  An ice beast (shapeshifter) (D:15)
  A two-headed ogre skeleton (Crypt:1)
  A dream sheep zombie (Crypt:3)
  2 hornet zombies (D:7)
  An ice beast (D:7)
  3 elephant zombies (Lair:5)
  30 orc warriors
  4 black bears
  An ettin simulacrum (IceCv)
  A black mamba simulacrum (Lair:2)
  19 wolves
  4 boggarts (Lair:5)
  6 ogres
  A centaur (D:7)
  2 elephant skeletons
  A manticore skeleton (Crypt:2)
  A yaktaur zombie (Crypt:3)
  A phantom (D:6)
  2 kobold brigands (D:9)
  The ghost of randomguy2701 the Gusty, an amateur TeAE (D:3)
  17 bullfrogs
  3 earth elementals
  A deep troll simulacrum (IceCv)
  A wyvern zombie (D:7)
  A necrophage (Crypt:1)
  2 gnoll sergeants
  5 scorpions
  A cane toad simulacrum (Lair:5)
  5 wights (D:7)
  A warg zombie (Crypt:2)
  2 troll zombies (D:10)
  13 killer bees
  A lindwurm simulacrum (IceCv)
  An elephant simulacrum (Lair:5)
  A polar bear zombie (Crypt:2)
  A yak skeleton (Crypt:2)
  5 howler monkeys (D:7)
  3 electric eels
  2 quasits (Abyss:1)
  5 hounds
  3 jellies
  A centaur zombie (D:7)
  22 orc priests
  2 iron imps (Abyss:1)
  2 sleepcaps (D:7)
  Jessica (D:2)
  An iguana (D:5)
  16 orc wizards
  3 killer bee zombies (D:7)
  6 ogre zombies (D:10)
  A deep dwarf skeleton (Crypt:1)
  A tengu zombie (Crypt:2)
  An acid dragon skeleton (Crypt:1)
  A howler monkey zombie (D:7)
  25 gnolls
  8 adders
  A swamp drake zombie (Crypt:2)
  3 shadow imps
  5 white imps
  2 ufetubi
  A lava snake zombie (Crypt:3)
  3 dart slugs
  72 orcs
  8 endoplasms
  2 giant cockroaches (D:3)
  8 hobgoblins
  A jackal (D:3)
  4 quokkas
  3 training dummies (Snake:3)
  8 ball pythons
  6 bats
  A dart slug zombie (Crypt:2)
  2 frilled lizards (D:1)
  11 goblins
  4 goblin skeletons
  3 goblin zombies (D:10)
  A hobgoblin skeleton (D:10)
  2 hobgoblin zombies (D:10)
  18 kobolds
  3 orc skeletons (D:10)
  12 orc zombies (D:10)
  4 rats
  A rat zombie (Crypt:3)
  2 starspawn tentacles
2308 creatures vanquished.

Vanquished Creatures (collateral kills)
  Xtahua (Depths:3)
  A golden dragon (Vaults:5)
  Norris (Vaults:1)
  A tentacled monstrosity (Vaults:5)
  An Ice Fiend (IceCv)
  An acid blob (Slime:5)
  A tentacled starspawn (Abyss:3)
  2 frost giants
  A rockslime (Slime:5)
  A deep elf elementalist (Elf:3)
  A deep elf sorcerer (Vaults:5)
  A quicksilver ooze (Slime:5)
  A very ugly thing (IceCv)
  An ironbound preserver (Vaults:2)
  3 deep elf demonologists (Elf:3)
  A bunyip (Swamp:1)
  A dire elephant (Lair:5)
  3 deep elf annihilators (Elf:3)
  2 deep elf death magi (Elf:3)
  A jiangshi (Crypt:1)
  A hydra (Lair:1)
  A vampire mage (Crypt:1)
  Sonja (D:10)
  A wretched star (Abyss:3)
  2 spriggans
  2 skysharks (Vaults:1)
  A deep troll (Vaults:2)
  A bog body (Crypt:1)
  2 wizards (Gauntlet)
  A deep elf pyromancer (Elf:1)
  An ugly thing (Depths:3)
  A cane toad (Lair:1)
  A freezing wraith (Crypt:1)
  An ancient zyme (Abyss:3)
  4 hornets
  7 blink frogs
  3 starcursed masses (Abyss:3)
  A water elemental (Elf:3)
  A wyvern (shapeshifter) (Elf:3)
  A golden eye (Slime:5)
  A swamp worm (Swamp:1)
  An earth elemental (Elf:3)
  A bullfrog (Lair:4)
  2 shadow imps (Gauntlet)
  A bat skeleton (Crypt:1)
  An orc zombie (D:10)
67 creatures vanquished.

Vanquished Creatures (others)
  A dread lich (Vaults:5)
  A fire giant (Depths:2)
  A draconian scorcher (Zot:1)
  A green draconian (Zot:5)
  A deep elf annihilator (Elf:1)
  4 deep elf knights (Elf:1)
  A deep elf archer (Elf:3)
  2 deep elf pyromancers
  A salamander (Snake:4)
  A moth of wrath (Zot:3)
  2 bloated husks (Swamp:1)
  A swamp worm (Swamp:1)
  An acid dragon (Depths:4)
  An orc priest (Orc:2)
  An orc wizard (Elf:2)
  An orc (Elf:2)
  A kobold (D:3)
  28 foxfires
  21 starspawn tentacles
71 creatures vanquished.

Grand Total: 2446 creatures vanquished

Notes
Turn   | Place    | Note
-------+----------+-------------------------------------------
     0 | D:1      | Twinkles the Demonspawn Gladiator began the quest for the
                  | Orb.
     0 | D:1      | Reached XP level 1. HP: 16/16 MP: 1/1
   212 | D:1      | Gained mutation: You are partially covered in sharp spines.
                  | [demonic ancestry]
   212 | D:1      | Reached XP level 2. HP: 11/22 MP: 2/2
   818 | D:1      | Reached XP level 3. HP: 28/28 MP: 3/3
  1257 | D:2      | Found a faded altar of an unknown god.
  1474 | D:2      | Noticed Jessica
  1476 | D:2      | Killed Jessica
  1477 | D:2      | Reached skill level 3 in Fighting
  1477 | D:2      | Reached XP level 4. HP: 35/35 MP: 4/4
  2034 | D:3      | Noticed an ogre
  2059 | D:3      | Killed an ogre
  2060 | D:3      | Gained mutation: You are mostly covered in sharp spines.
                  | [demonic ancestry]
  2060 | D:3      | Reached XP level 5. HP: 42/42 MP: 5/5
  2080 | D:3      | Noticed randomguy2701's ghost (amateur TeAE)
  2184 | D:3      | Identified the +2 cloak "Pinitij" {rN+ Will++ rCorr Str-2}
  2339 | D:3      | Found a transporter.
  2347 | D:3      | Found a transporter.
  2565 | D:3      | Reached skill level 4 in Fighting
  2616 | D:4      | Found a transporter.
  2653 | D:4      | Found an iron altar of Okawaru.
  2655 | D:4      | Found an iron altar of Okawaru.
  2655 | D:4      | Found a basalt altar of Yredelemnul.
  2657 | D:4      | Found a shimmering blue altar of Sif Muna.
  2657 | D:4      | Found a basalt altar of Yredelemnul.
  2657 | D:4      | Found a shimmering altar of Xom.
  2666 | D:4      | Upgraded the game from 0.31-a0-455-g1a7b003ef0 to
                  | 0.31-a0-460-g9e667d4245
  2727 | D:4      | Found a transporter.
  2783 | D:4      | Gained mutation: You are partially covered in icy blue
                  | scales. (AC +2) [demonic ancestry]
  2783 | D:4      | Reached XP level 6. HP: 39/48 MP: 6/6
  3368 | D:4      | Found a staircase to the Ecumenical Temple.
  3377 | Temple   | Entered the Ecumenical Temple
  3424 | Temple   | Upgraded the game from 0.31-a0-460-g9e667d4245 to
                  | 0.31-a0-466-g98c9adc2b6
  3430 | Temple   | Became a worshipper of Makhleb the Destroyer
  3534 | D:5      | Entered Level 5 of the Dungeon
  3626 | D:5      | Reached skill level 1 in Invocations
  3626 | D:5      | Gained mutation: You are mostly covered in icy blue scales.
                  | (AC +3) [demonic ancestry]
  3626 | D:5      | Reached XP level 7. HP: 51/55 MP: 7/7
  3778 | D:5      | Reached skill level 1 in Long Blades
  3964 | D:5      | Reached skill level 5 in Fighting
  3971 | D:5      | Reached skill level 5 in Dodging
  3975 | D:5      | HP: 16/56 [poisoned by a scorpion]
  4200 | D:5      | Found a bloodstained altar of Trog.
  4205 | D:5      | Found a blossoming altar of Fedhas.
  4208 | D:5      | Found an iron altar of Okawaru.
  4208 | D:5      | Found an opulent altar of Gozag.
  4213 | D:5      | Found a sacrificial altar of Ru.
  4565 | D:5      | Reached XP level 8. HP: 55/63 MP: 8/10
  4784 | D:6      | Reached * piety under Makhleb
  5038 | D:6      | Found a snail-covered altar of Cheibriados.
  5244 | D:7      | Reached skill level 6 in Fighting
  5260 | D:7      | Reached skill level 5 in Invocations
  5316 | D:7      | Identified the +0 scale mail of Context {rElec Str+3 Int-2}
  5342 | D:7      | HP: 17/65 [wight/+0 war axe (5)]
  5394 | D:7      | Found Zin's Purification Station.
  5660 | D:7      | Gained mutation: A meltable shield of frost defends you.
                  | (SH +4) [demonic ancestry]
  5660 | D:7      | Reached XP level 9. HP: 54/71 MP: 10/13
  5761 | D:7      | Bought a potion of curing for 90 gold pieces
  5819 | D:7      | Found a shadowy altar of Dithmenos.
  5915 | D:7      | Reached skill level 1 in Armour
  6004 | D:7      | Found a basalt altar of Yredelemnul.
  6021 | D:7      | Reached skill level 7 in Fighting
  6094 | D:7      | Reached ** piety under Makhleb
  6095 | D:7      | Reached skill level 5 in Short Blades
  6136 | D:7      | Found an ornate altar of the Wu Jian Council.
  7306 | D:8      | Reached skill level 5 in Long Blades
  7686 | D:9      | Found a flagged portal.
  7820 | Bailey   | Entered a bailey
  7833 | Bailey   | Gained mutation: Your touch may inflict minor irresistible
                  | damage on your foes. [demonic ancestry]
  7833 | Bailey   | Reached XP level 10. HP: 75/79 MP: 13/15
  8053 | Bailey   | Noticed Prince Ribbit
  8065 | Bailey   | Killed Prince Ribbit
  8121 | Bailey   | Noticed a vault guard
  8166 | Bailey   | Killed a vault guard
  8166 | Bailey   | Reached *** piety under Makhleb
  8167 | Bailey   | Reached skill level 8 in Fighting
  8331 | Bailey   | Noticed a vault guard
  8348 | Bailey   | HP: 11/80 [vault guard/+0 broad axe (21)]
  8353 | Bailey   | Killed a vault guard
  8674 | D:9      | Found Zurchept's Vocational Training.
  9343 | D:9      | Found a staircase to the Lair.
  9487 | D:10     | Entered Level 10 of the Dungeon
  9501 | D:10     | Noticed a two-headed ogre
  9571 | D:10     | Reached XP level 11. HP: 87/87 MP: 18/18
  9610 | D:10     | Found a sparkling altar of Nemelex Xobeh.
  9659 | D:10     | Noticed Sonja
  9873 | Lair:1   | Entered Level 1 of the Lair of Beasts
  9882 | Lair:1   | Reached skill level 5 in Armour
  9882 | Lair:1   | Noticed an eight-headed hydra
  9889 | Lair:1   | Killed an eight-headed hydra
  9929 | Lair:1   | Reached skill level 9 in Fighting
 10087 | Lair:1   | Noticed Erica
 10095 | Lair:1   | Killed Erica
 10096 | Lair:1   | Reached skill level 10 in Invocations
 10521 | Lair:2   | Noticed Ottew's ghost (journeyman DsFi)
 10521 | Lair:2   | Found a runed translucent gate.
 10521 | Lair:2   | Found a runed translucent gate.
 10521 | Lair:2   | Found a runed translucent gate.
 10942 | Lair:2   | Reached **** piety under Makhleb
 10955 | Lair:2   | Found a staircase to the Swamp.
 11106 | Lair:2   | Noticed a boulder beetle
 11123 | Lair:2   | Killed a boulder beetle
 11383 | Lair:2   | Found a staircase to the Snake Pit.
 11916 | Lair:3   | Reached skill level 10 in Fighting
 12066 | Lair:3   | Gained mutation: A meltable icy envelope protects you from
                  | harm. (AC +8) [demonic ancestry]
 12066 | Lair:3   | Reached XP level 12. HP: 87/97 MP: 20/20
 12595 | Lair:3   | Reached ***** piety under Makhleb
 13109 | Lair:4   | Noticed a four-headed hydra
 13109 | Lair:4   | Noticed a seven-headed hydra
 13120 | Lair:3   | Killed a four-headed hydra
 13184 | Lair:4   | Noticed a four-headed hydra
 13184 | Lair:4   | Noticed a six-headed hydra
 13190 | Lair:4   | Killed a six-headed hydra
 13235 | Lair:4   | Found a runed translucent gate.
 13235 | Lair:4   | Found a runed translucent gate.
 13235 | Lair:4   | Found a runed translucent gate.
 13235 | Lair:4   | Noticed a 14-headed hydra
 13235 | Lair:4   | Noticed shittywizard's ghost (journeyman GnEE)
 13235 | Lair:4   | Noticed a ten-headed hydra
 13357 | Lair:4   | Reached skill level 11 in Fighting
 13479 | Lair:3   | Killed a four-headed hydra
 13773 | Lair:4   | Killed a seven-headed hydra
 14222 | Lair:4   | Reached XP level 13. HP: 97/106 MP: 19/22
 14838 | Lair:5   | Entered Level 5 of the Lair of Beasts
 15340 | Lair:5   | Noticed a dire elephant
 15340 | Lair:5   | Noticed a dire elephant
 15340 | Lair:5   | Noticed a dire elephant
 15340 | Lair:5   | Noticed a dire elephant
 15342 | Lair:5   | Noticed a dire elephant
 15346 | Lair:5   | Killed a dire elephant
 15350 | Lair:5   | Noticed a dire elephant
 15366 | Lair:5   | Found a runed translucent door.
 15366 | Lair:5   | Noticed an azure jelly
 15366 | Lair:5   | Noticed an azure jelly
 15367 | Lair:5   | Noticed an azure jelly
 15367 | Lair:5   | Noticed an azure jelly
 15751 | D:10     | Identified the orb "Zaosh" {mayhem, Will+}
 15767 | Abyss:1  | Cast into level 1 of the Abyss (gnoll sergeant)
 15878 | Abyss:1  | Reached skill level 10 in Long Blades
 16010 | Abyss:1  | Noticed a tentacled starspawn
 16043 | D:10     | Escaped the Abyss
 16167 | D:10     | HP: 31/107 [two-headed ogre/+0 giant spiked club (8)]
 16169 | D:10     | Reached skill level 12 in Fighting
 16407 | D:10     | Found a staircase to the Orcish Mines.
 16692 | D:11     | Found a gate leading to a gauntlet.
 16694 | D:11     | Identified the +3 pair of gloves of the Robin {rF+ rC+
                  | SInv}
 16705 | Gauntlet | Entered a Gauntlet
 16705 | Gauntlet | Found a transporter.
 16708 | Gauntlet | Found a runed translucent door.
 16710 | Gauntlet | Found a transporter.
 16711 | Gauntlet | Found a transporter.
 16711 | Gauntlet | Noticed a dire elephant
 16714 | Gauntlet | Found a runed translucent door.
 16716 | Gauntlet | Found a transporter.
 16717 | Gauntlet | Found a transporter.
 16717 | Gauntlet | Found a transporter.
 16725 | Gauntlet | Found a transporter.
 16736 | Gauntlet | Found a transporter.
 16796 | Gauntlet | Found a transporter.
 16797 | Gauntlet | Found a transporter.
 16801 | Gauntlet | Found a transporter.
 16813 | Gauntlet | Found a transporter.
 16972 | Gauntlet | Identified the ring "Qazail" {rC+ Int+6}
 17172 | Gauntlet | Noticed a minotaur
 17186 | Gauntlet | Killed a minotaur
 17279 | Gauntlet | Identified the +3 hand axe "Ucsy" {vamp, *Noise Str+5
                  | Int+5}
 17279 | Gauntlet | Identified the ring "Vuoghahy" {Fly Int+6}
 17497 | D:10     | Killed Sonja
 17651 | D:11     | Identified the +1 rapier "Testudineslayer" {antimagic, rN+
                  | Will+}
 17805 | D:11     | HP: 21/109 [skeletal warrior/+0 trident (16)]
 18781 | D:12     | Identified the +3 falchion of Infinity {freeze, rCorr}
 19056 | D:12     | Reached XP level 14. HP: 87/116 MP: 14/25
 19749 | D:12     | Noticed Urug
 19767 | D:12     | Killed Urug
 19768 | D:12     | Reached skill level 15 in Invocations
 20272 | D:12     | Reached skill level 10 in Armour
 20902 | D:13     | Found an opulent altar of Gozag.
 21281 | D:14     | Reached skill level 13 in Fighting
 21488 | D:14     | Reached skill level 1 in Shields
 21618 | D:14     | Found a gate to the Vaults.
 21827 | D:14     | Found a runed translucent gate.
 21827 | D:14     | Found a runed translucent gate.
 21827 | D:14     | Found a runed translucent gate.
 21827 | D:14     | Found an ancient bone altar of Kikubaaqudgha.
 21827 | D:14     | Noticed Kibis's ghost (journeyman DsGl)
 21827 | D:14     | Noticed a lich
 21828 | D:14     | Noticed HallandMoats's ghost (journeyman DsFi)
 21828 | D:14     | Noticed a lich
 21828 | D:14     | Noticed a lich
 22228 | D:15     | Entered Level 15 of the Dungeon
 22246 | D:15     | Found a portal to a secret trove of treasure.
 22247 | D:15     | Found Gobarag's Jewellery Boutique.
 22257 | D:15     | Upgraded the game from 0.31-a0-466-g98c9adc2b6 to
                  | 0.31-a0-473-g61b50ae490
 22336 | Trove    | Entered a treasure trove
 22342 | Trove    | Identified the ring of Uskayaw's Favour {Fire rCorr Str+2
                  | Int-5}
 22346 | Trove    | Identified the ring of Mogosainn {EV+5 Str+2}
 22350 | Trove    | Identified the amulet of Light {Faith +Inv Str+3 Dex-5
                  | SInv}
 22359 | Trove    | Identified the amulet of Koxi {Reflect Int+2 SH+5}
 22363 | Trove    | Identified the ring of Atilolam {+Blink rPois rN+}
 22369 | Trove    | Identified the ring "Xothoeg" {Will+ Str-5 Int+5 Dex+6
                  | Stlth+}
 22399 | D:15     | Upgraded the game from 0.31-a0-473-g61b50ae490 to
                  | 0.31-a0-486-g8d68a81214
 22423 | D:15     | Noticed Jorgrun
 22423 | D:15     | HP: 35/118 [centaur warrior/arrow (13)]
 22432 | D:15     | HP: 27/118 [culicivora (shapeshifter) (12)]
 22441 | D:15     | Noticed Louise
 22441 | D:15     | HP: 14/118 [yaktaur/bolt (13)]
 22842 | Orc:1    | Entered Level 1 of the Orcish Mines
 23228 | Orc:1    | Noticed an orc warlord
 23298 | D:10     | HP: 34/118 [poisoned by an orc warlord]
 23303 | D:10     | HP: 30/118 [poisoned by an orc warlord]
 23304 | D:10     | Killed an orc warlord
 23308 | D:10     | HP: 26/118 [poisoned by an orc warlord]
 23758 | Orc:2    | Entered Level 2 of the Orcish Mines
 23758 | Orc:2    | Found a staircase to the Elven Halls.
 24093 | Orc:2    | Noticed Josephine
 24180 | Orc:2    | Killed Josephine
 24483 | Orc:2    | Gained mutation: You are completely covered in icy blue
                  | scales. (AC +4, rC+) [demonic ancestry]
 24483 | Orc:2    | Reached XP level 15. HP: 100/125 MP: 27/27
 24787 | Orc:2    | HP: 36/125 [troll (8)]
 25171 | D:15     | Killed Jorgrun
 25217 | D:15     | Reached skill level 14 in Fighting
 25788 | Orc:2    | Found Maeko's Assorted Antiques.
 25788 | Orc:2    | Found Zygam's Armour Shoppe.
 25790 | Orc:2    | Found Voepaeh's Weapon Boutique.
 25790 | Orc:2    | Found Ovoirghuo's Armour Shoppe.
 25796 | Orc:2    | Bought a scroll labelled GADEEDGH PENK for 23 gold pieces
 25796 | Orc:2    | Bought 3 scrolls labelled DAOFIT TAULU for 69 gold pieces
 26606 | Lair:5   | Reached skill level 1 in Evocations
 27902 | Lair:5   | Found a staircase to the Slime Pits.
 28011 | Lair:5   | Identified the amulet of the Serpent {Regen+ Int+4}
 28536 | Snake:1  | Entered Level 1 of the Snake Pit
 29301 | Snake:1  | Found Jucwatoy's General Store.
 29302 | Snake:1  | Found Poaczyep's Specific Store.
 29361 | Snake:1  | Found Owe Nyce's Distillery.
 29387 | Snake:1  | Reached skill level 15 in Fighting
 29401 | Snake:1  | HP: 38/129 [poisoned by a naga ritualist (toxic radiance)]
 29406 | Snake:1  | HP: 34/129 [poisoned by a naga ritualist (toxic radiance)]
 29410 | Snake:1  | Reached skill level 5 in Evocations
 29651 | Snake:1  | Found Emoemabe's Magic Scroll Boutique.
 29652 | Snake:1  | Found Coxirr's Armour Boutique.
 29652 | Snake:1  | Found Zutaig's Antique Weapon Boutique.
 29987 | Orc:2    | Bought a scroll of identify for 46 gold pieces
 30196 | Swamp:1  | Entered Level 1 of the Swamp
 30456 | Swamp:1  | Reached XP level 16. HP: 84/136 MP: 28/28
 30597 | Swamp:1  | HP: 36/136 [hornet (12)]
 30604 | Swamp:1  | HP: 23/136 [spriggan rider/+0 spear (13)]
 31659 | Swamp:2  | Identified a scroll of acquirement
 31659 | Swamp:2  | Acquired the +1 hat of Summer {rElec rPois Regen+ Dex+2}
 31833 | Swamp:2  | Found a transporter.
 31834 | Swamp:2  | Noticed a thorn hunter
 31835 | Swamp:2  | Noticed a thorn hunter
 31848 | Swamp:2  | Found a transporter.
 31848 | Swamp:2  | Found the -2 hat of the Alchemist {rElec rPois rF+ rC+ rN+
                  | Will+ rMut rCorr}
 31853 | Swamp:2  | Noticed a thorn hunter
 32156 | Swamp:1  | Killed a thorn hunter
 32188 | Swamp:1  | Reached skill level 16 in Fighting
 33523 | Swamp:3  | Got the Codex of Reanimation Made Easy
 33578 | Swamp:4  | Entered Level 4 of the Swamp
 33638 | Swamp:4  | Noticed Mara
 33662 | Swamp:4  | Noticed Twinkles's illusion
 33961 | Snake:2  | HP: 39/132 [nagaraja/+2 halberd of venom (8)]
 33963 | Snake:2  | HP: 18/132 [nagaraja/poison arrow (15)]
 33973 | Snake:2  | HP: 27/132 [poisoned by a nagaraja (splash of poison)]
 33978 | Snake:2  | HP: 40/134 [poisoned by a nagaraja (splash of poison)]
 34165 | Snake:2  | Found Hyek's Book Emporium.
 34173 | Snake:2  | Found Itoigen's General Store.
 34212 | Snake:2  | Found a transporter.
 34214 | Snake:2  | Found a transporter.
 34241 | Snake:2  | Noticed Sopaerr's ghost (journeyman MiBe)
 34243 | Snake:2  | Found a bloodstained altar of Trog.
 34608 | Snake:3  | Found Ybojih's Antique Weapon Emporium.
 34734 | Snake:1  | Found Jeurom's Antique Weapon Shop.
 34749 | Snake:1  | Bought a shimmering scimitar for 144 gold pieces
 34749 | Snake:1  | Identified the +8 scimitar of Destiny {flame, rElec rC+}
                  | (You bought it in a shop on level 1 of the Snake Pit)
 35279 | Snake:3  | Upgraded the game from 0.31-a0-486-g8d68a81214 to
                  | 0.31-a0-496-g6f97920a28
 35299 | Snake:3  | Found a hide-covered altar of Uskayaw.
 35315 | Snake:3  | Noticed Aizul
 35346 | Snake:3  | Killed Aizul
 35402 | Snake:3  | Reached skill level 17 in Fighting
 35476 | Snake:3  | Found Wofuy's Antique Weapon Shop.
 35487 | Snake:3  | Reached skill level 10 in Evocations
 35494 | Snake:3  | Found Nuhaski's Firing Range.
 35523 | Snake:3  | Found Zecywig's Jewellery Emporium.
 36099 | Snake:3  | Reached XP level 17. HP: 129/147 MP: 29/29
 36260 | Snake:4  | Entered Level 4 of the Snake Pit
 36484 | Snake:4  | Found a frozen archway.
 36519 | IceCv    | Entered an ice cave
 36739 | IceCv    | Reached skill level 18 in Fighting
 36954 | IceCv    | Noticed an Ice Fiend
 36961 | IceCv    | Killed an Ice Fiend
 36978 | IceCv    | Identified the ring of Absolutism {rC+ Str+2 Dex+3}
 37253 | Snake:4  | Found Higifit's Gadget Gallery.
 37262 | Snake:4  | Bought a phantom mirror for 440 gold pieces
 37582 | Snake:4  | Reached ****** piety under Makhleb
 38592 | Snake:4  | Reached skill level 19 in Fighting
 38947 | Snake:4  | Got a serpentine rune of Zot
 39233 | Swamp:4  | Noticed Twinkles's illusion
 39303 | Swamp:4  | Identified the +3 trident of Linearity {flame, Str+5}
 39420 | Swamp:3  | Gained mutation: Your touch may inflict irresistible damage
                  | on your foes. [demonic ancestry]
 39420 | Swamp:3  | Reached XP level 18. HP: 159/160 MP: 30/30
 39560 | Swamp:4  | Noticed Roxanne
 39786 | Swamp:4  | Noticed Twinkles's illusion
 39795 | Swamp:3  | Noticed Twinkles's illusion
 39800 | Swamp:3  | Killed Mara
 40166 | Swamp:4  | Got a decaying rune of Zot
 40741 | D:15     | Killed Louise
 40747 | D:15     | Upgraded the game from 0.31-a0-496-g6f97920a28 to
                  | 0.31-a0-507-gbafd7f5274
 41068 | D:15     | Found a staircase to the Depths.
 41305 | Elf:1    | Entered Level 1 of the Elven Halls
 41311 | Elf:1    | Noticed Asterion
 41338 | Elf:1    | Killed Asterion
 41350 | Elf:1    | Killed the ghostly Asterion
 41499 | Elf:1    | Reached skill level 20 in Fighting
 41538 | Elf:1    | Reached skill level 10 in Dodging
 41571 | Elf:1    | Paralysed by an air elemental for 1 turns
 41629 | Elf:1    | Found a flickering gateway to a bazaar.
 41681 | Bazaar   | Entered a bazaar
 41697 | Bazaar   | Found Ompah's General Store.
 41698 | Bazaar   | Found Kiugiadu's Weapon Shoppe.
 41741 | Bazaar   | Found Etiqomm's Antique Weapon Emporium.
 41741 | Bazaar   | Found Xyxilirgh's Magic Scroll Emporium.
 41763 | Bazaar   | Bought a scroll of fog for 36 gold pieces
 41763 | Bazaar   | Bought a scroll of enchant weapon for 67 gold pieces
 41763 | Bazaar   | Bought a scroll of fear for 36 gold pieces
 41784 | Bazaar   | Bought a wand of paralysis (5) for 132 gold pieces
 41784 | Bazaar   | Bought a scroll of teleportation for 33 gold pieces
 41804 | Bazaar   | Bought a scroll of brand weapon for 85 gold pieces
 41824 | Bazaar   | Bought a potion of invisibility for 88 gold pieces
 42188 | Elf:1    | Reached skill level 5 in Shields
 42333 | Elf:1    | Got Duiss's Handbook of Conflict
 42708 | Elf:2    | Identified the +0 chain mail of the Ant {+Blink Int+6
                  | Dex+3}
 42797 | Elf:2    | Reached XP level 19. HP: 169/170 MP: 31/31
 42904 | Elf:2    | Got Sif Muna's Opusculum on the Baneful Jinx
 43028 | Elf:2    | Found a runed translucent gate.
 43029 | Elf:2    | Found a runed translucent gate.
 43029 | Elf:2    | Found a runed translucent gate.
 43252 | Elf:3    | Entered Level 3 of the Elven Halls
 43898 | Elf:3    | Found Liplet's Weapon Shop.
 44324 | Elf:3    | Identified the +9 scimitar of Xom's Benevolence {heavy,
                  | rPois rF+ Str+3}
 44366 | Elf:3    | Identified the +6 plate armour of the Mantidfly {*Slow Fly
                  | SInv}
 44532 | Elf:3    | Identified the +10 long sword of Bright Indomitability
                  | {holy, rN++ Will+}
 44562 | Elf:3    | Reached skill level 21 in Fighting
 44610 | Elf:3    | Identified the ring of Wuaxzyosk {Will+ Str+3 SInv}
 44617 | Elf:3    | Identified the +6 falchion of Distraction {pain, rF- rCorr
                  | Str+5}
 44617 | Elf:3    | Identified the ring "Inemm" {Wiz rElec}
 44629 | Elf:3    | HP: 37/170 [ghostly deep elf annihilator/crystal spear
                  | (43)]
 44953 | Elf:3    | Identified the +5 arbalest of Sudden Death {heavy, rCorr
                  | Dex-3 Stlth+}
 45331 | Vaults:1 | Entered Level 1 of the Vaults
 45331 | Vaults:1 | Found Mifoas's Assorted Antiques.
 46413 | Vaults:1 | Noticed Norris
 46431 | Vaults:1 | Killed Norris
 46759 | Vaults:2 | Found Cism's Magic Scroll Emporium.
 46764 | Vaults:2 | Bought a scroll of blinking for 105 gold pieces
 46891 | Vaults:2 | Gained mutation: Your touch may irresistibly damage your
                  | foes and sap their willpower. [demonic ancestry]
 46891 | Vaults:2 | Reached XP level 20. HP: 171/181 MP: 32/32
 47458 | Vaults:2 | Noticed Donald
 47484 | Vaults:2 | Killed Donald
 47582 | Vaults:2 | Identified the +8 arbalest of Beyond {speed, rElec rN+++
                  | Will++ Int-2}
 47632 | Vaults:2 | Identified the +5 flail of Inaseur {flame, rN+ rCorr Int-5
                  | Dex+3}
 48023 | Vaults:1 | HP: 53/182 [tengu reaver/+0 dire flail (6)]
 48547 | Vaults:1 | Reached skill level 22 in Fighting
 48667 | Vaults:2 | You fall into a shaft and drop 2 floors!
 49115 | Vaults:3 | Found Wyumparch's Antique Armour Boutique.
 49277 | Vaults:3 | Reached skill level 10 in Shields
 49728 | Vaults:3 | Found a staircase to the Crypt.
 50774 | Vaults:1 | Upgraded the game from 0.31-a0-507-gbafd7f5274 to
                  | 0.31-a0-521-gc7390f8997
 51476 | Vaults:1 | Bought a scroll of enchant weapon for 330 gold pieces
 51476 | Vaults:1 | Bought a scroll of teleportation for 132 gold pieces
 51476 | Vaults:1 | Bought a scroll of teleportation for 132 gold pieces
 51680 | D:14     | Killed HallandMoats's ghost
 51688 | D:14     | Killed Kibis's ghost
 51708 | D:14     | Identified the +4 helmet of the Equator {Slay+6}
 51711 | D:14     | Identified the ring "Lack" {Fly rC++ Int+2 Dex+2 Slay+3}
 51721 | D:14     | Got Xuguapta's Teachings on the Chill
 52512 | D:3      | Killed randomguy2701's ghost
 52890 | Lair:2   | Killed Ottew's ghost
 53160 | Lair:4   | Killed shittywizard's ghost
 53741 | Depths:1 | Entered Level 1 of the Depths
 53851 | D:15     | Reached XP level 21. HP: 190/190 MP: 33/33
 54332 | Depths:1 | Found a bloodstained altar of Trog.
 54392 | Depths:1 | Found a gateway to Hell.
 54443 | Depths:1 | Found a one-way gate leading to the halls of Pandemonium.
 54693 | Hell     | Entered the Vestibule of Hell
 54693 | Hell     | Noticed Geryon
 54744 | Depths:2 | You are sucked into a shaft and drop 2 floors!
 54744 | Depths:4 | Entered Level 4 of the Depths
 54774 | Depths:4 | Found a runed translucent door.
 54775 | Depths:4 | Found a shimmering altar of Xom.
 54775 | Depths:4 | Noticed Notoschet's ghost (adept DsFi)
 54822 | Depths:4 | Noticed Mennas
 54848 | Depths:3 | Noticed a juggernaut
 54853 | Depths:3 | Reached skill level 23 in Fighting
 54865 | Depths:3 | Killed a juggernaut
 55053 | Depths:3 | Noticed a juggernaut
 55074 | Depths:3 | Killed a juggernaut
 55208 | Depths:3 | Found a broken altar of Ashenzari.
 55247 | Depths:3 | Noticed Xtahua
 55851 | Depths:2 | Paralysed by a floating eye for 3 turns
 57133 | Depths:3 | Killed Xtahua
 57204 | Depths:3 | Noticed Sojobo
 57248 | Depths:3 | Killed Sojobo
 57547 | Depths:3 | Found a one-way gate to the infinite horrors of the Abyss.
 58202 | Depths:3 | Gained mutation: Your presence sometimes corrodes those you
                  | injure. [demonic ancestry]
 58202 | Depths:3 | Reached XP level 22. HP: 202/202 MP: 34/34
 58424 | Crypt:1  | Entered Level 1 of the Crypt
 58966 | Crypt:1  | Noticed Grunn
 58985 | Crypt:1  | Killed Grunn
 59017 | Crypt:1  | Noticed Margery
 59138 | Crypt:1  | Killed Margery
 60520 | Crypt:3  | Entered Level 3 of the Crypt
 60997 | Crypt:3  | Identified the amulet of Fudghoani {Spirit -Cast Fly rPois
                  | Regen+}
 61199 | Crypt:3  | Reached skill level 15 in Evocations
 61362 | Crypt:3  | Identified the +0 buckler of Relativism {*Corrode Will+
                  | Str+4 Dex+3}
 61540 | Crypt:3  | Noticed Jory
 61576 | Crypt:3  | Killed Jory
 61890 | Crypt:3  | Reached skill level 15 in Shields
 61907 | Crypt:3  | Found the +10 tower shield of Ignorance {rN+ Int-4}
 62036 | Crypt:3  | Found a staircase to the Tomb.
 62162 | Crypt:3  | Gained mutation: A meltable icy envelope protects you from
                  | harm. (AC +8) [demonic ancestry]
 62162 | Crypt:3  | Reached XP level 23. HP: 200/209 MP: 26/35
 62462 | Crypt:3  | HP: 62/209 [jiangshi[a curse skull] (7)]
 62689 | Crypt:3  | Identified the +3 quarterstaff of a Million Dreams {flame,
                  | Str+3 Int+3 SInv}
 62693 | Crypt:3  | Upgraded the game from 0.31-a0-521-gc7390f8997 to
                  | 0.31-a0-523-g071a6c1ffa
 63646 | Depths:4 | Noticed a caustic shrike
 63646 | Depths:4 | Noticed a caustic shrike
 63646 | Depths:4 | Noticed a caustic shrike
 63646 | Depths:4 | Noticed a caustic shrike
 63688 | Depths:4 | Found an iron altar of Okawaru.
 64636 | Slime:1  | Entered Level 1 of the Pits of Slime
 64933 | Slime:5  | Entered Level 5 of the Pits of Slime
 65008 | Slime:5  | Gained mutation: You are frail. (-10% HP) [a shining eye]
 65069 | Slime:5  | Noticed the Royal Jelly
 65101 | Slime:5  | HP: 53/188 [the Royal Jelly (19)]
 65103 | Slime:5  | Killed the Royal Jelly
 65716 | Slime:5  | Found the amulet of the Four Winds {rN+ Will+++ Clar}
 65729 | Slime:5  | Identified the +5 war axe of Raenyma {flame, Drain rElec
                  | rC+ Int+4}
 65775 | Slime:5  | Identified the +2 battleaxe of the Volcano {chaos, rC+
                  | Stlth+}
 65831 | Slime:5  | Identified the +6 halberd of the Mind {freeze, rPois Str+5
                  | Int-2 Stlth+}
 65838 | Slime:5  | Got a slimy rune of Zot
 65839 | Slime:5  | Identified the +8 short sword "Vessaik" {pain, rElec Will++
                  | Str-3 Int+2}
 65840 | Slime:5  | Identified the staff of the Shimmering Rat {rF+ rN+ Necro}
 65908 | Slime:5  | Got Sif Muna's Folio of the Combative Catacomb
 65911 | Slime:5  | Identified the staff "Starlight" {Str+3 Int-5 Dex+4 Earth}
 65949 | Slime:5  | Gained mutation: You are very frail. (-20% HP) [a shining
                  | eye]
 66988 | Depths:1 | Reached skill level 24 in Fighting
 67746 | Hell     | Killed Geryon
 67959 | Hell     | Found a gateway to the freezing wastes of Cocytus.
 68062 | Hell     | Found a gateway to the decaying netherworld of Tartarus.
 68094 | Hell     | Found a gateway to the ashen valley of Gehenna.
 68236 | Hell     | Found a gateway to the Iron City of Dis.
 68369 | D:12     | Lost mutation: You are very frail. (-20% HP) [potion of
                  | mutation]
 68369 | D:12     | Lost mutation: You are frail. (-10% HP) [potion of
                  | mutation]
 68369 | D:12     | Gained mutation: You have a pair of small antennae on your
                  | head. [potion of mutation]
 68369 | D:12     | Gained mutation: Your skin changes colour to match your
                  | surroundings (Stealth+). [potion of mutation]
 68369 | D:12     | Gained mutation: You are occasionally teleported next to
                  | monsters. [potion of mutation]
 68369 | D:12     | Gained mutation: You are robust. (+10% HP) [potion of
                  | mutation]
 68370 | D:12     | Lost mutation: Your skin changes colour to match your
                  | surroundings (Stealth+). [potion of mutation]
 68370 | D:12     | Lost mutation: You are occasionally teleported next to
                  | monsters. [potion of mutation]
 68370 | D:12     | Lost mutation: You have a pair of small antennae on your
                  | head. [potion of mutation]
 68370 | D:12     | Gained mutation: Your magical capacity is low. (-10% MP)
                  | [potion of mutation]
 68370 | D:12     | Gained mutation: You are strong-willed. (Will+) [potion of
                  | mutation]
 68370 | D:12     | Gained mutation: You are covered in fur. (AC +1) [potion of
                  | mutation]
 68833 | Depths:4 | Upgraded the game from 0.31-a0-523-g071a6c1ffa to
                  | 0.31-a0-532-g28f74ba3e5
 68843 | Depths:4 | Found a one-way gateway to a ziggurat.
 68933 | Depths:4 | Killed Mennas
 68981 | Depths:4 | Noticed Saint Roka
 69007 | Depths:4 | Killed Saint Roka
 69017 | Depths:4 | Lost mutation: You are robust. (+10% HP) [a neqoxec]
 69150 | Depths:4 | Gained mutation: Your presence sometimes corrodes or
                  | deforms those you injure. [demonic ancestry]
 69150 | Depths:4 | Reached XP level 24. HP: 217/217 MP: 31/31
 69322 | Depths:4 | Found a gate to the Realm of Zot.
 69989 | Snake:1  | Bought a potion of heal wounds for 55 gold pieces
 69989 | Snake:1  | Bought a potion of curing for 33 gold pieces
 69989 | Snake:1  | Bought 2 potions of might for 88 gold pieces
 69989 | Snake:1  | Bought a potion of might for 44 gold pieces
 69989 | Snake:1  | Bought 2 potions of curing for 66 gold pieces
 69989 | Snake:1  | Bought a potion of invisibility for 88 gold pieces
 69989 | Snake:1  | Bought a potion of heal wounds for 55 gold pieces
 69989 | Snake:1  | Bought a potion of lignification for 33 gold pieces
 70033 | Snake:1  | Bought a potion of might for 80 gold pieces
 70110 | Snake:1  | Bought a scroll of teleportation for 33 gold pieces
 70110 | Snake:1  | Bought a scroll of fog for 44 gold pieces
 70110 | Snake:1  | Bought a scroll of vulnerability for 44 gold pieces
 70196 | Snake:2  | Killed Sopaerr's ghost
 70251 | Snake:2  | Identified the +0 helmet of the Leaping Gods {Will- Int+3
                  | Dex-2 Stlth+}
 70813 | Vaults:2 | Bought a scroll of fog for 56 gold pieces
 70813 | Vaults:2 | Bought a scroll of vulnerability for 56 gold pieces
 70813 | Vaults:2 | Bought a scroll of enchant armour for 105 gold pieces
 71176 | Orc:2    | Bought a wand of paralysis (8) for 441 gold pieces
 71176 | Orc:2    | Bought a scroll of teleportation for 69 gold pieces
 71486 | Vaults:4 | Reached skill level 1 in Stealth
 71649 | Vaults:4 | Noticed Boris
 71673 | Vaults:4 | Killed Boris
 72200 | Vaults:5 | Entered Level 5 of the Vaults
 72215 | Vaults:4 | Reached skill level 5 in Stealth
 72315 | Vaults:4 | Reached skill level 25 in Fighting
 72476 | Vaults:5 | Noticed a dread lich
 72490 | Vaults:5 | Found the +9 sword of Power {lifebolt}
 72702 | Vaults:5 | Identified the ring of Siodaorr {Wiz rF+}
 72765 | Vaults:5 | Identified the +5 great sword "Jaaqatygg" {heavy, Dex+2}
 73023 | Vaults:5 | Killed a dread lich
 73036 | Vaults:5 | Identified the +12 quarterstaff of Demonic Duty {heavy,
                  | rPois rC+ rCorr Dex-2}
 73210 | Vaults:5 | Identified the +3 orcbow "Newtslayer" {drain, rC+ Stlth+}
 73210 | Vaults:5 | Identified the amulet "Ysien" {RegenMP rElec rF+}
 73397 | Vaults:5 | Reached XP level 25. HP: 225/229 MP: 31/31
 73528 | Vaults:5 | Found Ejologeq's Distillery.
 73535 | Vaults:5 | Bought a potion of curing for 60 gold pieces
 73535 | Vaults:5 | Bought a potion of curing for 60 gold pieces
 73535 | Vaults:5 | Bought a potion of curing for 60 gold pieces
 73535 | Vaults:5 | Bought 2 potions of curing for 120 gold pieces
 73535 | Vaults:5 | Bought a potion of lignification for 60 gold pieces
 73535 | Vaults:5 | Bought a potion of ambrosia for 160 gold pieces
 73700 | Vaults:5 | Identified the +2 cloak of Privacy {Str+3}
 73707 | Vaults:5 | Got a silver rune of Zot
 73826 | Vaults:5 | Reached skill level 10 in Stealth
 73872 | Vaults:5 | Got the Spellbook of the Combined Curse
 73875 | Vaults:5 | Identified the +3 ring mail "Pidiq" {Regen+ Str+4 SInv}
 74545 | Snake:3  | Bought 2 silver javelins for 342 gold pieces
 74588 | Snake:2  | Bought 3 javelins for 126 gold pieces
 74632 | Snake:4  | Bought a wand of paralysis (8) for 211 gold pieces
 74632 | Snake:4  | Bought a wand of mindburst (10) for 154 gold pieces
 74632 | Snake:4  | Bought a wand of iceblast (4) for 105 gold pieces
 74632 | Snake:4  | Bought a wand of iceblast (4) for 105 gold pieces
 74632 | Snake:4  | Bought a phial of floods for 440 gold pieces
 75082 | Zot:1    | Entered Level 1 of the Realm of Zot
 75083 | Zot:1    | Found a transporter.
 75116 | Zot:1    | Noticed an ancient lich
 75117 | Zot:1    | Found a shimmering blue altar of Sif Muna.
 75176 | Zot:1    | Noticed an orb of fire
 75217 | Zot:1    | Noticed an ancient lich
 75246 | Zot:1    | Found a transporter.
 76182 | Zot:2    | Noticed an orb of fire
 76341 | Zot:2    | Reached skill level 5 in Throwing
 76971 | Zot:2    | Gained mutation: You are agile. (Dex +4, Str/Int -1) [an
                  | orb of fire]
 76976 | Zot:2    | Gained mutation: You do not regenerate when monsters are
                  | visible. [an orb of fire]
 76984 | Zot:2    | Killed an orb of fire
 77439 | Zot:3    | Noticed an orb of fire
 77440 | Zot:3    | Gained mutation: You sometimes lose your temper in combat.
                  | [an orb of fire]
 77449 | Zot:3    | Killed an orb of fire
 77507 | Zot:3    | Noticed a shard shrike
 78218 | Zot:3    | Lost mutation: You are covered in fur. (AC +1) [potion of
                  | mutation]
 78218 | Zot:3    | Lost mutation: You are agile. (Dex +4, Str/Int -1) [potion
                  | of mutation]
 78218 | Zot:3    | Gained mutation: You have an uncontrollable temper. [potion
                  | of mutation]
 78218 | Zot:3    | Gained mutation: Your muscles are strong. (Str +4, Int/Dex
                  | -1) [potion of mutation]
 78219 | Zot:3    | Lost mutation: You have an uncontrollable temper. [potion
                  | of mutation]
 78219 | Zot:3    | Lost mutation: You do not regenerate when monsters are
                  | visible. [potion of mutation]
 78219 | Zot:3    | Gained mutation: You have a pair of small horns on your
                  | head. [potion of mutation]
 78219 | Zot:3    | Gained mutation: You have hidden genetic potential. [potion
                  | of mutation]
 78269 | Zot:3    | Killed a shard shrike
 78362 | Zot:3    | Noticed a shard shrike
 78414 | Zot:3    | Killed a shard shrike
 78857 | Zot:3    | Noticed an orb of fire
 78869 | Zot:3    | Killed an orb of fire
 78923 | Zot:4    | Reached skill level 10 in Throwing
 79571 | Zot:4    | Noticed a Killer Klown
 80075 | Zot:5    | Entered Level 5 of the Realm of Zot
 80212 | Zot:5    | HP: 66/230 [green draconian/+0 war axe[a black draconian
                  | knight] (9)]
 80224 | Zot:5    | HP: 69/230 [yellow draconian annihilator/+0 rapier[a black
                  | draconian knight] (3)]
 80229 | Zot:5    | HP: 66/230 [yellow draconian annihilator/glob of acid[a
                  | black draconian knight] (4)]
 80526 | Zot:5    | Found a transporter.
 80528 | Zot:5    | Found a transporter.
 80532 | Zot:5    | Found a transporter.
 80549 | Zot:5    | Found a transporter.
 81231 | Zot:5    | Gained mutation: You are completely covered in sharp
                  | spines. [demonic ancestry]
 81231 | Zot:5    | Reached XP level 26. HP: 237/237 MP: 31/31
 81277 | Zot:5    | Noticed an ancient lich
 81396 | Zot:5    | Noticed an orb of fire
 81398 | Zot:5    | Noticed an orb of fire
 81399 | Zot:5    | Noticed an orb of fire
 81405 | Zot:5    | Gained mutation: You are occasionally teleported next to
                  | monsters. [an orb of fire]
 81411 | Zot:4    | Gained mutation: Armour fits poorly on your strangely
                  | shaped body. [an orb of fire]
 81417 | Zot:4    | Killed an orb of fire
 81656 | Zot:4    | Lost mutation: Your muscles are strong. (Str +4, Int/Dex
                  | -1) [potion of mutation]
 81656 | Zot:4    | Lost mutation: Armour fits poorly on your strangely shaped
                  | body. [potion of mutation]
 81656 | Zot:4    | Lost mutation: You sometimes lose your temper in combat.
                  | [potion of mutation]
 81657 | Zot:4    | Lost mutation: You have hidden genetic potential. [potion
                  | of mutation]
 81657 | Zot:4    | Lost mutation: You have a pair of small horns on your head.
                  | [potion of mutation]
 81657 | Zot:4    | Lost mutation: You are occasionally teleported next to
                  | monsters. [potion of mutation]
 81657 | Zot:4    | Gained mutation: You are agile. (Dex +4, Str/Int -1)
                  | [potion of mutation]
 81691 | Zot:5    | Killed an ancient lich
 81983 | Zot:5    | Noticed an ancient lich
 82002 | Zot:5    | Killed an ancient lich
 82112 | Zot:5    | Noticed a dread lich
 82119 | Zot:5    | Noticed an ancient lich
 82120 | Zot:5    | Killed a dread lich
 82136 | Zot:5    | Killed an ancient lich
 82171 | Zot:5    | Gained mutation: You are dopey. (Int -2) [an orb of fire]
 82174 | Zot:5    | HP: 70/237 [orb of fire/fireball (5)]
 82180 | Zot:5    | Killed an orb of fire
 82181 | Zot:5    | Reached skill level 15 in Throwing
 82192 | Zot:5    | Noticed a dread lich
 82207 | Zot:5    | Killed a dread lich
 82511 | Zot:5    | Gained mutation: Your magical capacity is very low. (-20%
                  | MP) [an orb of fire]
 82594 | Zot:5    | Gained mutation: Armour fits poorly on your strangely
                  | shaped body. [an orb of fire]
 82609 | Zot:5    | Gained mutation: You occasionally lose the ability to read
                  | scrolls when taking damage. [an orb of fire]
 82613 | Zot:5    | Killed an orb of fire
 83404 | Zot:5    | Noticed an ancient lich
 83459 | Zot:5    | Killed an ancient lich
 83791 | Zot:5    | Noticed a dread lich
 84044 | Zot:5    | Killed a dread lich
 84568 | Depths:4 | Lost mutation: You occasionally lose the ability to read
                  | scrolls when taking damage. [potion of mutation]
 84568 | Depths:4 | Lost mutation: Armour fits poorly on your strangely shaped
                  | body. [potion of mutation]
 84568 | Depths:4 | Lost mutation: You are agile. (Dex +4, Str/Int -1) [potion
                  | of mutation]
 84568 | Depths:4 | Lost mutation: You are dopey. (Int -2) [potion of mutation]
 84568 | Depths:4 | Gained mutation: Your body sometimes deteriorates upon
                  | taking damage. [potion of mutation]
 84568 | Depths:4 | Gained mutation: Your spells are a little harder to cast,
                  | but a little more powerful. [potion of mutation]
 84575 | Depths:4 | Voluntarily entered the Abyss.
 84730 | Abyss:1  | Paralysed by accursed screaming for 1 turns
 85031 | Abyss:3  | Found a corrupted altar of Lugonu.
 85086 | Abyss:3  | Paralysed by accursed screaming for 1 turns
 85108 | Abyss:3  | Paralysed by accursed screaming for 1 turns
 85128 | Abyss:3  | Got an abyssal rune of Zot
 85161 | Depths:4 | Escaped the Abyss
 85475 | Zot:1    | Gained mutation: You have hidden genetic defects. [an orb
                  | of fire]
 85902 | Zot:5    | Found a transporter.
 85906 | Zot:5    | Found a transporter.
 85969 | Zot:5    | Found a transporter.
 85988 | Zot:5    | Found a transporter.
 86786 | Zot:5    | Got the Orb of Zot
 87371 | D:$      | Escaped with the Orb!

Illustrated notes

Levels and vault maps discovered:
D:1:      psy_arrival_basics, layout_basic
D:2:      layout_basic, hellmonk_ecumenical_altar_blasted, grunt_ministairs_14,
          uniq_jessica
D:3:      layout_loops_ring, gammafunk_ghost_arena
D:4:      gammafunk_wand_slinger, layout_loops_ring, doesnt_xom_only_xom,
          minmay_temple_entry_nine_rooms
D:5:      layout_basic, minitemple, kennysheep_generic_room_8
D:6:      layout_cave_pools, mainiacjoe_overflow_six_doors_small
D:7:      layout_basic, zin_purify, nicolae_yredelemnul_corpse_copse,
          grunt_dithmenos_smoke_and_mirrors, mainiacjoe_overflow_catwalk,
          grunt_ministairs_5
D:8:      layout_basic, serial_curves, eino_curves_01, eino_curves_02
D:9:      layout_grid_maze, erik_lair_dragon, enter_bailey_5,
          nicolae_shop_vocational
D:10:     layout_roguey, mainiacjoe_overflow_paths, zombieorc2_lemuel,
          uniq_sonja
D:11:     layout_basic, gauntlet_entry_generic
D:12:     minmay_separated_statues, layout_cave_pools,
          chequers_serial_rivers_micro_b, lemuel_flamethrower_3, uniq_urug
D:13:     layout_basic, grunt_gozag_statues
D:14:     layout_rooms, erik_vaults_1, special_room [special_room_orc],
          minmay_misc_feat_room, gammafunk_ghost_crypt
D:15:     gammafunk_depths_entry_grave, layout_cross, serial_shops,
          nicolae_shop_gaudy_bauble, enter_trove_0, serial_rivers,
          chequers_serial_rivers_marsh, chequers_serial_rivers_large_a,
          chequers_serial_rivers_micro_c, chequers_serial_rivers_small_a,
          chequers_serial_rivers_marsh, nicolae_titane, uniq_louise,
          uniq_jorgrun
Temple:   zaba_magenta_temple
Lair:1:   layout_hall_layers, st_stairs_3, lemuel_old_faithful,
          infiniplex_staircase_pool_2, uniq_erica
Lair:2:   layout_cave_pods, minmay_swamp_entry_swarm,
          guppyfry_snake_entry_garden, gammafunk_ghost_necromancy,
          infiniplex_staircase_pool
Lair:3:   layout_cave_pods, grunt_forest_stairs_basic, lemuel_fruit_tree
Lair:4:   layout_roguey, gammafunk_ghost_hydra_chop, grunt_megastairs_2,
          serial_bayou_shore_a
Lair:5:   due_jungle_book, layout_regular_city, slime_entry_2,
          kilobyte_rumbling_trees
Swamp:1:  layout_falls_marsh, hangedman_swamp_cone, swamp_pool2
Swamp:2:  gammafunk_sealed_arena, layout_basic_swamp,
          evilmike_swamp_ruin_house_3
Swamp:3:  layout_basic_swamp, serial_swamp_ruin, hangedman_swamp_ruin_hall,
          evilmike_swamp_ruin_house_6, swamp_pool1,
          nicolae_swamp_necromancy_gone_wrong
Swamp:4:  swamp_alternative, layout_basic_swamp, swamp_pool5, uniq_roxanne,
          uniq_mara
Snake:1:  layout_gridlike, serial_shops, nicolae_shop_statue_plus,
          nicolae_specific_store, nicolae_snake_gridmaze_spiral,
          minmay_shop_grid_forest, grunt_ministairs_11,
          nicolae_snake_coiling_death
Snake:2:  layout_basic, gammafunk_ghost_wrathful_warriors, minmay_shoptagon
Snake:3:  layout_cave_pods, serial_shops, nicolae_shop_advertising_works
          [nicolae_subvault_shop_adworks], nicolae_shop_trees, basic_altar,
          minmay_shop_enchanted_jewellery, nicolae_snake_gridmaze_zigzag,
          nicolae_shop_firing_range, uniq_aizul
Snake:4:  grunt_snake_rune_pools, layout_gridlike,
          portal_ice_cave_entry_ugly_swarm, nicolae_shop_gadgets
Slime:1:  layout_caves
Slime:2:  layout_caves
Slime:3:  layout_caves, nicolae_slime_getting_an_eyeful
Slime:4:  cheibrodos_slime_lost_civilization_10, layout_caves
Slime:5:  slime_pit_nicolae_trefoil
Orc:1:    layout_caves, rock_pile
Orc:2:    grunt_orc_tribal_feast, layout_caves, uniq_josephine
Elf:1:    layout_rooms, serial_shops, bzr_entry_islet, minmay_elf_annihilation,
          grunt_megastairs_5, uniq_asterion
Elf:2:    nicolae_elf_blades_crystal_corner, layout_geoelf_octagon
Elf:3:    minmay_elf_hall_curves, layout_gridlike, serial_shops,
          nicolae_shop_behind_doors
Vaults:1: nicolae_vaults_three_branches, nicolae_vaults_little_ls,
          nicolae_vaults_mini_display_case, grunt_vaults_hallway_short,
          nicolae_vaults_sealed_display, grunt_vaults_diagonal, v_rooms_4,
          nicolae_vaults_twisting_passages, v_rooms_6,
          nicolae_vaults_offset_grid_hallway_4, layout_vaults_omnicross,
          serial_shops, nicolae_shop_waterfront, uniq_norris
Vaults:2: vaults_room_octagon, nicolae_vaults_yaktaur_gun_rack,
          hangedman_vaults_corner, vaults_mumra_hex, ontoclasm_vaults_idyll,
          grunt_vaults_hallway_long, v_misc_16, hangedman_vaults_capsules,
          layout_vaults_big_room, serial_shops, shop, serial_glass, uniq_donald
Vaults:3: ontoclasm_vaults_fault, v_misc_25, st_smaller_cells, v_pattern_5,
          minmay_crypt_entry_simple_box, grunt_vaults_hallway_short,
          layout_vaults_omnigrid, serial_shops, nicolae_shop_scrapyard
Vaults:4: nicolae_vaults_double_plus_3, v_rooms_6,
          nicolae_vaults_closet_pinwheel_5, vaults_dpeg_hooks,
          vaults_mumra_chevron_long, nicolae_vaults_tetromino_L_1,
          nicolae_vaults_double_plus_3, nicolae_vaults_hallways_thing,
          v_misc_32, hangedman_vaults_unwind, nicolae_vaults_double_plus_3,
          nicolae_vaults_offset_grid_hallway_3, layout_vaults_maze_snakey,
          uniq_boris
Vaults:5
Crypt:1:  layout_catacombs, chequers_hall_statues_wall_a,
          roderic_lattice_octagonal_star, uniq_grunn, uniq_margery
Crypt:2:  layout_chaotic_city
Crypt:3:  due_elkab, layout_chaotic_city, serial_co_window_serial,
          co_window_corner_a, co_window_of_opportunity_a, co_window_corner_a,
          co_window_corner_a, co_window_paths_a, co_window_corner_a,
          co_window_of_opportunity_a, co_window_corner_b,
          co_window_unsneaky_path_a, co_window_corner_b, feat_on_display
Depths:1: layout_cave_pools, hell_entry, pan_entry, minmay_misc_feat_roman,
          hangedman_abyss_or_decor_lesser_grid, minivault_16, bloody_trog
Depths:2: hangedman_stitches_corridor, layout_basic, serial_sigils,
          serial_sigils_hangedman_quiver, serial_sigils_hangedman_etch,
          serial_sigils_hangedman_stare, serial_sigils_hangedman_gut,
          grunt_pan_entry_spiral, pf_hell_entry_great_geh, skrybe_limestone_x
Depths:3: minmay_diamond_stairs, layout_small_grid, grunt_hell_entry_dis_old,
          cheibrodos_ashenzari_chains, abyss_entry_small_statue_room,
          infiniplex_staircase_9_rooms, serial_bayou_shore_b, uniq_xtahua,
          uniq_sojobo
Depths:4: evilmike_zot_entry_gauntlet, layout_cave_pools, enter_ziggurat_d,
          rand_demon_pan_entry_8, basic_altar, ebering_ghost_xom, abyss_entry,
          hell_entry, uniq_mennas, uniq_josephina, uniq_saint_roka
Hell
Zot:1:    gammafunk_sealed_library, layout_concentric_octagons, drop_trap
Zot:2:    layout_cathedral_of_symmetry
Zot:3:    minmay_elemental_castle, layout_onion_interference, lemuel_elevator
Zot:4:    layout_twisted_circle
Zot:5:    layout_basic, nicolae_transporter_circle

Skill      XL: |  1  2  3  4  5  6  7  8  9 10 11 12 13 14 15 16 17 18 19 20 21 22 23 24 25 26 |
---------------+-------------------------------------------------------------------------------+-----
Short Blades   | 3 4 5 6 |  6.7
Dodging        | 3 4 5 6 8 10 11 12 13 14 | 14.1
Fighting       | 3 4 5 6 7 8 10 11 12 13 15 17 19 20 21 22 23 24 25 | 25.9
Invocations    | 1 3 5 7 9 11 13 14 16 17 | 17.0
Long Blades    | 2 4 5 6 8 9 10 11 13 | 13.3
Armour         | 3 4 6 8 9 10 11 12 13 14 | 14.9
Shields        | 4 6 8 11 15 18 19 | 19.0
Evocations     | 5 10 12 15 | 15.0
Throwing       | 2 13 18 | 18.1
Stealth        | 9 10 | 10.4

Action                     |  1- 3 |  4- 6 |  7- 9 | 10-12 | 13-15 | 16-18 | 19-21 | 22-24 | 25-27 || total
---------------------------+-------+-------+-------+-------+-------+-------+-------+-------+-------++-------
  Melee: Rapier            |    95 |   112 |   371 |   695 |   590 |       |       |       |       ||  1863
         Punch             |       |     1 |     3 |    14 |    12 |       |       |       |       ||    30
         Touch             |       |       |       |   164 |   187 |       |       |       |       ||   351
         Falchion          |       |       |       |       |    33 |       |       |       |       ||    33
         Scimitar          |       |       |       |       |  1285 |  2366 |  1686 |       |       ||  5337
         Long sword        |       |       |       |       |     8 |       |       |       |       ||     8
         Double sword      |       |       |       |       |       |       |   748 |  2692 |  1360 ||  4800
         Headbutt          |       |       |       |       |       |       |       |       |   178 ||   178
  Throw: Throwing net      |       |     1 |     1 |       |     1 |     2 |       |       |       ||     5
         Javelin           |       |       |       |       |       |     2 |       |       |    21 ||    23
 Invoke: Minor Destruction |       |       |     4 |    19 |    14 |    11 |       |       |       ||    48
         Lesser Servant of |       |       |       |     4 |    13 |     7 |     7 |     2 |       ||    33
         Greater Servant o |       |       |       |       |     2 |     6 |    10 |     7 |     5 ||    30
         Major Destruction |       |       |       |       |     1 |       |       |       |       ||     1
Ability: Evoke Blink       |       |       |       |       |       |       |     1 |       |       ||     1
         Evoke Invisibilit |       |       |       |       |       |       |       |     1 |       ||     1
  Evoke: Wand              |       |       |       |     6 |       |    15 |     4 |     5 |     3 ||    33
         Lightning rod     |       |       |       |       |       |     2 |       |     3 |       ||     5
         Tin of tremorston |       |       |       |       |       |       |     3 |     3 |     4 ||    10
    Use: Scroll            |       |       |     5 |     1 |    22 |    16 |    21 |    12 |     9 ||    86
         Potion            |       |       |       |     1 |     3 |     7 |     3 |     7 |     9 ||    30
   Stab: Sleeping          |     2 |       |       |       |       |       |       |       |     9 ||    11
         Confused          |       |       |       |     1 |       |       |       |       |       ||     1
         Paralysed         |       |       |       |     3 |       |       |       |    14 |       ||    17
         Distracted        |       |       |       |     1 |     1 |       |     3 |       |     9 ||    14
 Armour: Leather armour    |    21 |       |       |       |       |       |       |       |       ||    21
         Ring mail         |       |    24 |    74 |       |       |       |       |       |       ||    98
         Scale mail        |       |       |    84 |   308 |   704 |  1013 |   925 |       |       ||  3034
         Fire dragon scale |       |       |       |       |       |       |    36 |   681 |   249 ||   966
  Dodge: Dodged            |    60 |    69 |   183 |   371 |   877 |  1373 |  1734 |  1218 |   385 ||  6270
  Block: Other             |       |       |    33 |   117 |    86 |       |       |       |       ||   236
         Buckler           |       |       |       |       |   455 |   831 |  1100 |       |       ||  2386
         Tower shield      |       |       |       |       |       |       |    44 |  3984 |  1473 ||  5501

Table legend: (Time is in decaauts)
 A = Elapsed time spent in this place.
 B = Non-inter-level travel time spent in this place.
 C = Inter-level travel time spent in this place.
 D = Time resting spent in this place.
 E = Time spent auto-exploring this place.
 F = Levels seen in this place.
 G = Mean time per level.
                   A        B        C        D        E       F      G
               +--------+--------+--------+--------+--------+-----+--------+
         Total |  85931 |  69692 |  16239 |   8553 |  38607 |  66 | 1302.0 |
       Dungeon |  21823 |  16075 |   5748 |   1619 |  10586 |  15 | 1454.9 |
        Temple |     70 |     12 |     58 |      0 |      0 |   1 |   70.0 |
          Lair |  10417 |   7826 |   2591 |   1086 |   4773 |   5 | 2083.4 |
         Swamp |   5124 |   4356 |    768 |    345 |   2243 |   4 | 1281.0 |
     Snake Pit |   6650 |   5191 |   1459 |    349 |   2998 |   4 | 1662.5 |
    Slime Pits |   1541 |   1424 |    117 |    537 |    408 |   5 |  308.2 |
  Orcish Mines |   2387 |   2063 |    324 |    502 |    961 |   2 | 1193.5 |
   Elven Halls |   3270 |   3082 |    188 |    285 |   1654 |   3 | 1090.0 |
        Vaults |   8381 |   7066 |   1315 |    606 |   3377 |   5 | 1676.2 |
         Crypt |   4379 |   3975 |    404 |    126 |   2217 |   3 | 1459.7 |
        Depths |   7344 |   5548 |   1796 |   1007 |   2866 |   4 | 1836.0 |
          Hell |    717 |    699 |     18 |      0 |    348 |   1 |  717.0 |
           Zot |  10899 |   9447 |   1452 |   1976 |   4916 |   5 | 2179.8 |
         Abyss |    832 |    832 |      0 |      0 |     58 |   4 |  208.0 |
        Bazaar |    154 |    154 |      0 |      0 |     77 |   1 |  154.0 |
         Trove |     40 |     40 |      0 |      0 |      2 |   1 |   40.0 |
        Bailey |    714 |    714 |      0 |      0 |    521 |   1 |  714.0 |
      Ice Cave |    556 |    556 |      0 |     23 |    293 |   1 |  556.0 |
      Gauntlet |    624 |    624 |      0 |     90 |    308 |   1 |  624.0 |
               +--------+--------+--------+--------+--------+-----+--------+

Top non-repeatable levels by time:
   Zot:5: 4485 daAuts
     D:9: 3319 daAuts
  Lair:2: 2774 daAuts
  Lair:5: 2510 daAuts
 Snake:1: 2273 daAuts
    D:14: 2184 daAuts
Depths:2: 2112 daAuts
  Lair:4: 2103 daAuts
Vaults:1: 1996 daAuts
Depths:1: 1966 daAuts
 Crypt:3: 1955 daAuts
Vaults:2: 1909 daAuts
 Snake:4: 1826 daAuts
    D:12: 1817 daAuts
  Lair:3: 1786 daAuts
